 Dungeon Crawl Stone Soup version 0.17-a0-1515-gfae3d72 (webtiles) character file.

263788 nubinia the Devastator (level 19, 57/75 HPs)
             Began as a High Elf Fire Elementalist on July 10, 2015.
             Was the Champion of Vehumet.
             Quit the game on level 1 of the Abyss on July 12, 2015.
             The game lasted 07:14:18 (52971 turns).

nubinia the Devastator (HEFE)                      Turns: 52971, Time: 07:14:18

Health: 57/75      AC: 17    Str:  1 (3)  XL:     19   Next: 64%
Magic:  10/30      EV: 20    Int: 17 (19) God:    Vehumet [******]
Gold:   1404       SH:  0    Dex: 19 (22) Spells: 11 memorised, 10 levels left

rFire  . . .     SeeInvis .     d - +4 arc blade {discharge, rElec}
rCold  + + .     Rnd*Rage +     p - +2 robe {rC+ rF+}
rNeg   + + +     SustAt   .     (no shield)
rPois  +         Gourm    .     A - +2 helmet of Sifot {*Confuse rN+ Slay+3}
rElec  +         Spirit   .     F - +0 cloak of the Bulwark {rF- rC+ rN++ Regen+}
rCorr  .         Warding  .     f - +0 pair of gloves
rMut   .         Rnd*Tele +     s - +2 pair of boots
MR     +....                    r - amulet of regeneration
Stlth  ++........               J - ring of wizardry
                                n - +2 ring of protection

@: glowing, somewhat resistant to hostile enchantments, unstealthy
A: iridescent scales 1, berserk 3, blurry vision 2, deformed body, deterioration
2, dopey 2, frail 3, low mp 3, poison resistance, screaming 3, slow healing 1,
teleportitis 3, weak 2, wild magic 1, subdued magic 3, MP-powered wands
a: Renounce Religion
}: 1/15 runes: barnacled


You were on level 1 of the Abyss.
You worshipped Vehumet.
Vehumet was exalted by your worship.
You were not hungry.

You visited 7 branches of the dungeon, and saw 38 of its levels.
You visited the Abyss 1 time.
You also visited: Labyrinth, Ice Cave and Volcano.

You collected 3819 gold pieces.
You spent 2415 gold pieces at shops.

Inventory:

Hand weapons
 a - a +2 dagger of protection
 b - a +5 shortbow of freezing
 d - the +4 arc blade (weapon) {discharge, rElec}
   (You took it off Nikola on level 1 of the Snake Pit)

   It insulates you from electricity.
 B - a +0 blowgun
Missiles
 u - 31 arrows of dispersal
 w - 94 poisoned arrows
 L - 668 arrows
 T - 11 curare-tipped needles
Armour
 e - a +2 cloak of poison resistance
 f - a +0 pair of gloves (worn)
 i - the +3 robe of Clouds {+Fly rElec}
   (You bought it in a shop on level 4 of the Orcish Mines)

   It insulates you from electricity.
   It lets you fly.
 k - the +0 pair of boots "Suorro" {Int+4}
   (You acquired it on level 1 of the Shoals)

   It affects your intelligence (+4).
 l - a +2 robe of positive energy
 p - a +2 robe of resistance (worn)
 s - a +2 pair of boots (worn)
 t - a +2 helmet
 A - the +2 helmet of Sifot (worn) {*Confuse rN+ Slay+3}
   (You found it on level 2 of the Vaults)

   It affects your accuracy and damage with ranged weapons and melee attacks
   (+3).
   It protects you from negative energy.
   It may confuse you when you take damage.
 F - the +0 cloak of the Bulwark (worn) {rF- rC+ rN++ Regen+}
   (You found it in a labyrinth)

   It makes you vulnerable to fire.
   It protects you from cold.
   It greatly protects you from negative energy.
   It increases your rate of regeneration.
Magical staves
 c - an uncursed staff of conjuration
Jewellery
 g - an uncursed amulet of the gourmand
 n - a +2 ring of protection (left hand)
 r - an amulet of regeneration (around neck)
 J - a ring of wizardry (right hand)
 N - an uncursed amulet of clarity
 V - a +2 ring of evasion
 X - an uncursed amulet of resist mutation
Magical devices
 y - a wand of draining (3)
 C - a wand of fireball (4)
 E - a wand of hasting (4)
 K - a wand of cold (1)
 P - a wand of lightning (4)
Scrolls
 o - 7 scrolls of teleportation
 q - 2 scrolls of magic mapping
 z - 9 scrolls of recharging
 D - a scroll of blinking
 I - a scroll of summoning
 R - 11 scrolls of identify
 U - 6 scrolls of remove curse
 W - 2 scrolls of holy word
Potions
 h - a potion of cancellation
 j - 3 potions of might
 m - 5 potions of brilliance
 x - 4 potions of magic
 G - a potion of haste
 H - a potion of heal wounds
 S - 9 potions of curing
 Z - 2 potions of agility
Books
 O - a book of Unlife

   Spells                             Type                      Level
   a - Recall                         Summoning/Translocation      3
   b - Animate Dead                   Necromancy                   4
   c - Control Undead                 Necromancy                   4
   d - Cigotuvi's Embrace             Necromancy                   5
   e - Death Channel                  Necromancy                   6
   f - Simulacrum                     Ice/Necromancy               6
Miscellaneous
 M - a fan of gales
 Y - a lamp of fire
Comestibles
 v - 36 fruits


   Skills:
 + Level 3.5 Fighting
 + Level 3.0 Short Blades
 + Level 14.3 Bows
 + Level 2.2 Throwing
 + Level 9.4 Dodging
 + Level 7.3 Stealth
 + Level 19.0 Spellcasting
 * Level 19.6 Conjurations
 + Level 7.2 Charms
 + Level 7.3 Summonings
 + Level 0.9 Translocations
 * Level 16.5 Fire Magic
   Level 0.2 Ice Magic
 + Level 2.6 Evocations


You had 10 spell levels left.
You knew the following spells:

 Your Spells              Type           Power        Failure   Level  Hunger
a - Flame Tongue          Conj/Fire      #####        0%          1    None
b - Throw Flame           Conj/Fire      #####.       0%          2    None
c - Conjure Flame         Conj/Fire      #####...     0%          3    None
d - Sticky Flame          Conj/Fire      #####...     0%          4    None
e - Fireball              Conj/Fire      #####.....   0%          5    ###....
f - Iskenderun's Mystic   Conj           #####...     0%          4    None
g - Spellforged Servitor  Conj/Summ      #####.....   1%          7    ######.
h - Bolt of Draining      Conj/Necr      ####......   0%          5    ###....
i - Iskenderun's Battles  Conj/Chrm      #####...     0%          5    ###....
j - Fire Storm            Conj/Fire      #####.....   21%         9    #######
A - Apportation           Tloc           ##........   1%          1    None


Dungeon Overview and Level Annotations

Branches:
Dungeon (15/15)            Temple (0/1) D:6            Lair (8/8) D:11
 Shoals (4/4) Lair:4        Snake (3/4) Lair:6        Slime (0/6) Lair:7
    Orc (4/4) D:9             Elf (1/3) Orc:4        Vaults (3/5) D:13
 Depths (0/5) D:15
  Crypt: Vaults:2-3

Altars:
Ashenzari
Gozag
Makhleb
Ru
Trog
Vehumet
Xom
The Shining One
Beogh
Jiyva

Shops:
D:6 :   Orc:1 *   Orc:2 (   Orc:4 [!(:   Shoals:2 (   Vaults:2 ?

Annotations:
Shoals:1 Donald
Snake:3 Norris


Innate Abilities, Weirdness & Mutations

You are partially covered in iridescent scales (AC +4).
Your system is resistant to poisons.
Your spells are a little harder to cast, but a little more powerful.
[You have an uncontrollable temper.]
[Scrolls take you longer to read.]
[Armour fits poorly on your strangely shaped body.]
[Your body often deteriorates upon taking damage.]
[You are very dopey. (Int -4)]
[You are extremely frail (-30% HP).]
[Your magical capacity is extremely low (-30% MP).]
[You frequently scream uncontrollably at your foes.]
[You heal slowly when monsters are visible.]
[You are often teleported to nearby monsters.]
[You are very weak. (Str -4)]
[Your spells are much easier to cast, but much less powerful.]
[You expend magic power (3 MP) to strengthen your wands.]


Message History

The thrashing horror barely misses you.
The ynoxinul gestures.
The thrashing horror barely misses you.
The thrashing horror tramples you but does no damage.
The ynoxinul gestures.
A neqoxec comes into view.
The neqoxec shouts!
The thrashing horror roars!
The thrashing horror tramples you but does no damage. x2
The ynoxinul hits you. The neqoxec gestures at you.
Strange energies course through your body.
You feel a strong urge to scream. The thrashing horror tramples you.
You stumble backwards!
The thrashing horror roars!
The thrashing horror completely misses you.
The thrashing horror tramples you but does no damage.
The neqoxec gestures at you.
You feel dopey. Something feeds on your intellect!
Are you sure you want to abandon this character and quit the game? (Confirm with "yes".)

♣.......#.##. ..##
♣...........#.#.
♣♣..p..5...#.#.#
♣♣......h.....# #
♣....D..#5##.##
♣♣.......3###.3.
♣...A...#...##.#.#
♣...u.X........# #
♣.##@35..#...###
##.....#....
#.........#.
....#....#..#
.#........#..
#§.3........ #
#.........
........


You could see a bone dragon, an angel, a cyan very ugly thing, a thrashing
horror, a necromancer, a raiju, a neqoxec, 2 ynoxinuls and 3 ufetubi.

Vanquished Creatures
  Vashnia (Snake:3)
  Nikola (Snake:1)
  Rupert (Lair:3)
  A tentacled starspawn (Abyss:1)
  A kraken (Shoals:4)
  2 sphinxes
  The ghost of Fizybubbleh the Unseen, a mighty HuEn of Ashenzari (Shoals:4)
  3 fire giants
  Ilsuiw (Shoals:4)
  Maud (Lair:3)
  A draconian knight (Abyss:1)
  A frost giant (Vaults:3)
  3 deep elf sorcerers
  Aizul (Snake:1)
  Louise (Shoals:3)
  8 vault wardens
  9 ironheart preservers
  5 stone giants
  A deep elf demonologist (Vaults:2)
  A deep elf annihilator (Vaults:2)
  Azrael (Snake:1)
  A salamander stormcaller (Vaults:2)
  Snorg (Lair:8)
  5 merfolk javelineers
  A minotaur (Lab)
  4 yaktaur captains
  4 merfolk impalers
  15 vault guards
  A great orb of eyes (Vaults:1)
  3 ettins
  Fannar (Lair:3)
  8 hydras
  6 centaur warriors
  7 naga warriors
  A rakshasa (Abyss:1)
  5 merfolk aquamancers
  3 merfolk avatars
  7 anacondas
  A deep troll shaman (Vaults:2)
  A satyr (Shoals:3)
  6 death yaks
  5 ogre magi
  A deep troll earth mage (Vaults:2)
  2 tengu warriors
  11 naga sharpshooters
  4 orc high priests (Orc:4)
  A deep elf knight (Vaults:1)
  A titan skeleton (Abyss:1)
  2 wretched stars (Abyss:1)
  3 unseen horrors
  An unseen horror (shapeshifter) (D:15)
  A shadow wraith (Vaults:1)
  15 sea snakes
  A naga ritualist (Snake:1)
  2 giant orange brains
  An ice devil (IceCv)
  12 deep trolls
  2 ice statues (IceCv)
  An anubis guard (shapeshifter) (D:13)
  A giant orange brain (shapeshifter) (D:15)
  6 hill giants
  11 harpies
  8 ironbrand convokers
  3 mana vipers (Snake:1)
  5 orc knights
  2 wizards
  A hornet (Vaults:2)
  A lindwurm (shapeshifter) (Vaults:3)
  14 cyclopes
  A deep elf conjurer (Vaults:3)
  3 wolf spiders
  A necromancer (IceCv)
  A wolf spider zombie (D:15)
  2 orc sorcerers
  7 salamanders
  2 sixfirhies (Abyss:1)
  4 griffons
  17 ugly things
  7 naga magi
  6 water nymphs
  7 manticores
  5 fauns (Shoals:3)
  The ghost of mrath the Ducker, an experienced TrAr (D:6)
  9 elephants
  33 black mambas
  7 vault sentinels
  3 sirens
  3 guardian serpents
  20 spiny frogs
  2 molten gargoyles (Volcano)
  3 smoke demons (Abyss:1)
  A torpor snail (Lair:5)
  6 gargoyles
  6 centaur skeletons
  7 komodo dragons
  A kobold demonologist (Vaults:2)
  An efreet (D:15)
  20 yaktaurs
  2 fire drakes
  8 polar bears (Lair:8)
  3 deep elf priests
  4 large abominations (Abyss:1)
  2 wind drakes (Shoals:4)
  A polar bear (shapeshifter) (D:15)
  6 trolls
  An ancient zyme (Abyss:1)
  A spriggan druid (Lair:8)
  9 blue devils (IceCv)
  2 tengu conjurers
  A wolf spider simulacrum (D:15)
  21 merfolk
  12 two-headed ogres
  10 blink frogs
  5 slime creatures (D:15)
  3 freezing wraiths
  10 snapping turtles
  2 shadows
  A raiju (Abyss:1)
  A vampire (D:15)
  6 redbacks
  4 trapdoor spiders
  10 deep elf magi
  15 spriggans
  9 fire bats (Volcano)
  4 hungry ghosts
  9 water elementals
  9 basilisks
  A golden eye (shapeshifter) (Vaults:3)
  5 deep elf fighters
  65 yaks
  2 neqoxecs (Abyss:1)
  3 wyverns
  2 fire elementals (Snake:1)
  A basilisk (shapeshifter) (D:15)
  14 hippogriffs
  A steam dragon (D:11)
  6 vampire mosquitoes
  A chaos spawn (Abyss:1)
  2 wraiths (D:14)
  20 nagas
  The ghost of urechis the Sneak, an average KoBe of Trog (D:3)
  27 wolves
  2 mottled dragons
  3 hell hounds (Snake:1)
  2 wargs
  Duvessa (D:7)
  22 water moccasins
  20 orc warriors
  A black bear (shapeshifter) (D:15)
  5 ice beasts
  4 wasps
  10 black bears
  8 porcupines
  4 eyes of draining
  23 ogres
  A necrophage (D:11)
  4 sky beasts
  A phantom (D:11)
  20 centaurs
  18 crocodiles
  20 giant frogs
  A brain worm (D:15)
  Dowan (D:7)
  5 scorpions
  8 wights
  3 electric eels
  An elf simulacrum (Vaults:1)
  2 vampire bats (Lair:3)
  3 giant frog zombies
  3 lava snakes (Volcano)
  2 draconian simulacra (IceCv)
  34 orc priests
  8 hounds
  5 crimson imps
  4 centaur zombies
  4 jellies
  43 orc wizards
  6 hell rats (Lair:4)
  An iron imp (Abyss:1)
  Jessica (D:2)
  2 giant frog skeletons
  Terence (D:3)
  Natasha (thrice) (D:3)
  8 worker ants
  7 iguanas
  4 small abominations (Abyss:1)
  2 killer bee zombies (D:9)
  3 spriggan simulacra (IceCv)
  4 centaur simulacra
  39 sheep
  A hound zombie (D:7)
  2 worker ant zombies
  A hound skeleton (D:8)
  Robin (D:2)
  A naga simulacrum (IceCv)
  22 adders
  55 river rats
  An ogre simulacrum (IceCv)
  2 shadow imps (D:13)
  14 white imps
  An ufetubus (Abyss:1)
  3 adder zombies
  2 worms
  3 giant geckos
  200 orcs
  2 ball pythons
  2 bat skeletons
  2 bat zombies (D:7)
  6 giant cockroaches
  26 hobgoblins
  9 jackals
  19 kobolds
  23 bats
  8 giant newts
  34 goblins
  2 quokka skeletons
  13 rats
  3 bushes (Lair:4)
  A fungus (Lair:5)
  2 lurking horrors (Abyss:1)
  6 plants
1596 creatures vanquished.

Vanquished Creatures (collateral kills)
  A sphinx (Vaults:1)
  A great orb of eyes (Vaults:1)
  A deep elf knight (Vaults:2)
  A harpy (Vaults:2)
  A lindwurm (shapeshifter) (Vaults:2)
  An octopode (shapeshifter) (D:14)
  A yaktaur (Vaults:3)
  A deep elf fighter (Vaults:1)
  2 centaurs (Vaults:1)
  An ogre (Vaults:3)
  An orc priest (Vaults:3)
  4 orcs
16 creatures vanquished.

Vanquished Creatures (others)
  A naga (Snake:1)
  A bush (Lair:4)
  29 fungi
  14 plants
  2 starspawn tentacles (Abyss:1)
  8 tentacles (Shoals:4)
  295 tentacle segments (Shoals:4)
350 creatures vanquished.

Grand Total: 1962 creatures vanquished

Notes
Turn   | Place    | Note
--------------------------------------------------------------
     0 | D:1      | nubinia the High Elf Fire Elementalist began the quest for the Orb.
     0 | D:1      | Reached XP level 1. HP: 11/11 MP: 4/4
   626 | D:1      | Reached XP level 2. HP: 17/17 MP: 3/6
   658 | D:1      | Learned a level 2 spell: Throw Flame
  1316 | D:2      | Reached XP level 3. HP: 21/21 MP: 8/8
  1321 | D:2      | Learned a level 3 spell: Conjure Flame
  1451 | D:2      | Noticed Robin
  1895 | D:2      | Noticed Jessica
  1897 | D:2      | Killed Jessica
  1897 | D:2      | Reached XP level 4. HP: 27/27 MP: 4/9
  2011 | D:2      | Killed Robin
  2759 | D:3      | Noticed Natasha
  2762 | D:3      | Killed Natasha
  2762 | D:3      | Reached skill level 4 in Fire Magic
  2762 | D:3      | Reached XP level 5. HP: 31/31 MP: 3/10
  2828 | D:3      | Noticed Natasha
  2862 | D:3      | Killed Natasha
  2937 | D:3      | Noticed Terence
  2946 | D:3      | Killed Terence
  3085 | D:3      | Noticed urechis's ghost (average KoBe)
  3160 | D:3      | Noticed Natasha
  3161 | D:3      | Killed Natasha
  3220 | D:3      | Killed urechis's ghost
  3220 | D:3      | Reached XP level 6. HP: 34/36 MP: 0/13
  3341 | D:3      | Found a radiant altar of Vehumet.
  3355 | D:3      | Became a worshipper of Vehumet
  3574 | D:3      | Learned a level 4 spell: Sticky Flame
  4783 | D:5      | Entered Level 5 of the Dungeon
  4785 | D:5      | Reached skill level 5 in Fire Magic
  4785 | D:5      | Reached XP level 7. HP: 42/42 MP: 14/14
  4809 | D:5      | Acquired Vehumet's first power
  4809 | D:5      | Offered knowledge of Freeze by Vehumet.
  4831 | D:5      | Reached skill level 5 in Stealth
  5422 | D:5      | Reached skill level 5 in Spellcasting
  5699 | D:5      | Reached XP level 8. HP: 47/47 MP: 8/17
  5907 | D:5      | Reached skill level 6 in Fire Magic
  6021 | D:5      | Learned a level 5 spell: Fireball
  6192 | D:6      | Found a staircase to the Ecumenical Temple.
  6448 | D:6      | Reached skill level 5 in Conjurations
  6528 | D:6      | Noticed mrath's ghost (experienced TrAr)
  6584 | D:6      | Killed mrath's ghost
  6584 | D:6      | Reached skill level 1 in Fighting
  6584 | D:6      | Reached skill level 1 in Throwing
  7115 | D:6      | Found Femes's Book Boutique.
  7149 | D:6      | Offered knowledge of Sandblast by Vehumet.
  7215 | D:5      | Reached XP level 9. HP: 47/53 MP: 14/20
  7253 | D:5      | Reached skill level 7 in Spellcasting
  7974 | D:7      | Reached skill level 1 in Bows
  8394 | D:7      | Noticed Dowan
  8405 | D:7      | Noticed Duvessa
  8419 | D:7      | Offered knowledge of Throw Frost by Vehumet.
  8437 | D:7      | Killed Dowan
  8768 | D:7      | Killed Duvessa
  8913 | D:7      | Gained mutation: You are partially covered in iridescent scales (AC +4). [potion of mutation]
  8913 | D:7      | Gained mutation: Your system is resistant to poisons. [potion of mutation]
  8913 | D:7      | Gained mutation: Your spells are a little harder to cast, but a little more powerful. [potion of mutation]
  8953 | D:8      | Found an opulent altar of Gozag.
  9044 | D:8      | Acquired Vehumet's second power
  9347 | D:8      | Found a shattered altar of Ashenzari.
  9626 | D:8      | Reached skill level 8 in Fire Magic
  9800 | D:8      | Offered knowledge of Iskenderun's Mystic Blast by Vehumet.
  9806 | D:8      | Learned a level 4 spell: Iskenderun's Mystic Blast
 10029 | D:9      | Found a staircase to the Orcish Mines.
 10088 | D:9      | Reached XP level 10. HP: 21/59 MP: 14/23
 10460 | D:9      | Acquired Vehumet's third power
 10853 | D:10     | Entered Level 10 of the Dungeon
 10854 | D:10     | Offered knowledge of Iskenderun's Battlesphere by Vehumet.
 10861 | D:10     | Learned a level 5 spell: Iskenderun's Battlesphere
 10921 | D:10     | Noticed a hill giant
 10935 | D:10     | Killed a hill giant
 11235 | D:10     | Noticed a hill giant
 11241 | D:10     | Killed a hill giant
 11409 | D:10     | Reached skill level 5 in Dodging
 12025 | D:11     | Noticed a white ugly thing
 12077 | D:11     | Noticed a hill giant
 12187 | D:11     | Noticed a seven-headed hydra
 12232 | D:11     | Noticed a red ugly thing
 12247 | D:11     | Killed a seven-headed hydra
 12247 | D:11     | Reached skill level 9 in Bows
 12325 | D:11     | Reached XP level 11. HP: 52/64 MP: 25/25
 12335 | D:11     | Killed a red ugly thing
 12372 | D:10     | Killed a hill giant
 12711 | D:11     | Offered knowledge of Fulminant Prism by Vehumet.
 12913 | D:11     | Found a staircase to the Lair.
 13004 | D:11     | Noticed a hill giant
 13008 | D:11     | Killed a hill giant
 13024 | D:11     | Noticed a cyclops
 13082 | D:11     | Killed a cyclops
 13082 | D:11     | Reached skill level 10 in Bows
 13413 | D:11     | Found a bloodstained altar of Trog.
 13531 | D:11     | Killed a white ugly thing
 13757 | Lair:1   | Entered Level 1 of the Lair of Beasts
 13850 | Lair:1   | Found a frozen archway.
 13865 | IceCv    | Entered an ice cave
 14372 | IceCv    | Noticed an ice statue
 14372 | IceCv    | Noticed an ice statue
 14724 | IceCv    | Learned a level 1 spell: Apportation
 14835 | IceCv    | Killed an ice statue
 14895 | IceCv    | Killed an ice statue
 14895 | IceCv    | Reached skill level 10 in Spellcasting
 15207 | IceCv    | Noticed a necromancer
 15212 | IceCv    | Killed a necromancer
 15241 | IceCv    | Noticed an ice devil
 15312 | IceCv    | Killed an ice devil
 15312 | IceCv    | Reached skill level 10 in Fire Magic
 15350 | IceCv    | Reached XP level 12. HP: 70/70 MP: 12/27
 15526 | IceCv    | Noticed an ice statue
 15703 | IceCv    | Got a crystal morningstar
 16473 | Lair:1   | Reached skill level 10 in Conjurations
 16785 | Lair:1   | Offered knowledge of Conjure Ball Lightning by Vehumet.
 16941 | Lair:1   | Reached skill level 1 in Charms
 17000 | Lair:1   | Reached skill level 11 in Bows
 17509 | Lair:1   | Upgraded the game from 0.17-a0-1508-ge7f3dc3 to 0.17-a0-1510-gb3fb22e
 17730 | Lair:2   | Identified the +9 morningstar of the Lost Eyes {venom, *Drain +Fly rN+ Str-3} (You found it in an ice cave)
 17756 | Lair:2   | Found a shimmering altar of Xom.
 18788 | Lair:3   | Noticed Rupert
 18840 | Lair:3   | Killed Rupert
 18840 | Lair:3   | Reached XP level 13. HP: 74/74 MP: 19/29
 19010 | Lair:3   | Reached skill level 12 in Spellcasting
 19115 | Lair:3   | Noticed Maud
 19257 | Lair:3   | Killed Maud
 19765 | Lair:3   | Noticed an eight-headed hydra
 19771 | Lair:3   | Killed an eight-headed hydra
 20005 | Lair:3   | Noticed a six-headed hydra
 20007 | Lair:3   | Killed a six-headed hydra
 20191 | Lair:3   | Noticed Fannar
 20195 | Lair:3   | Killed Fannar
 20726 | Lair:4   | Reached skill level 13 in Spellcasting
 20845 | Lair:4   | Offered knowledge of Delayed Fireball by Vehumet.
 21719 | Lair:4   | Found a staircase to the Shoals.
 22495 | Lair:5   | Reached XP level 14. HP: 81/81 MP: 22/32
 22801 | Lair:5   | Found a runed door.
 23221 | Lair:6   | Reached skill level 14 in Spellcasting
 23390 | Lair:6   | Found a staircase to the Snake Pit.
 24620 | Lair:7   | Found a staircase to the Slime Pits.
 24620 | Lair:7   | Found a viscous altar of Jiyva.
 25194 | Lair:8   | Entered Level 8 of the Lair of Beasts
 25579 | Lair:8   | Offered knowledge of Spellforged Servitor by Vehumet.
 25601 | Lair:8   | Learned a level 7 spell: Spellforged Servitor
 25716 | Lair:8   | Reached skill level 1 in Summonings
 25974 | Lair:8   | Identified the Papyrus of Captivating Snow
 26388 | Lair:8   | Reached skill level 5 in Summonings
 26726 | Lair:8   | Noticed Snorg
 26762 | Lair:8   | Killed Snorg
 26883 | Lair:8   | Got a crude cloak
 26894 | Lair:8   | Identified the cursed +0 cloak "Gefyraanuy" {Int+2} (You found it on level 8 of the Lair of Beasts)
 27534 | Orc:1    | Entered Level 1 of the Orcish Mines
 27551 | Orc:1    | Offered knowledge of Bolt of Cold by Vehumet.
 27560 | Orc:1    | Found Muud Fus's General Store.
 27628 | Orc:1    | Found a dark tunnel.
 27642 | Orc:1    | Learned a level 6 spell: Bolt of Cold
 27688 | Volcano  | Entered a volcano
 27712 | Volcano  | Reached XP level 15. HP: 75/86 MP: 14/34
 27868 | Volcano  | Found a radiant altar of Vehumet.
 28956 | Orc:1    | Found a roughly hewn altar of Beogh.
 29383 | Orc:3    | Offered knowledge of Poison Arrow by Vehumet.
 29789 | Orc:2    | Found Yroyrad's Weapon Emporium.
 29870 | Orc:2    | Found a burning altar of Makhleb.
 30064 | Orc:4    | Entered Level 4 of the Orcish Mines
 30642 | Orc:4    | Found Wuzxenes's Distillery.
 30644 | Orc:4    | Found Vulib's Book Shoppe.
 30646 | Orc:4    | Found Asudouxu's Antique Weapon Shoppe.
 30651 | Orc:4    | Found Zethid's Armour Emporium.
 30655 | Orc:4    | Bought a potion of agility for 68 gold pieces
 30660 | Orc:4    | Bought a steaming spear for 264 gold pieces
 30662 | Orc:4    | Identified the cursed +0 spear of Noatwoq {speed, +Blink rC+} (You bought it in a shop on level 4 of the Orcish Mines)
 30669 | Orc:4    | Bought a +1 cloak of poison resistance for 243 gold pieces
 30720 | Orc:4    | Reached skill level 5 in Charms
 30813 | Orc:4    | Offered knowledge of Bolt of Fire by Vehumet.
 30831 | Orc:4    | Found a staircase to the Elven Halls.
 31753 | Snake:1  | Entered Level 1 of the Snake Pit
 31756 | Snake:1  | Noticed Aizul
 31809 | Snake:1  | Killed Aizul
 31809 | Snake:1  | Reached skill level 15 in Spellcasting
 32790 | Snake:1  | Noticed Nikola
 33169 | Orc:4    | Bought the +3 robe of Clouds {+Fly rElec} for 572 gold pieces
 33653 | Snake:1  | Killed Nikola
 33888 | Snake:1  | Reached skill level 1 in Short Blades
 34323 | Snake:1  | Noticed Azrael
 34335 | Snake:1  | Killed Azrael
 34335 | Snake:1  | Reached skill level 15 in Conjurations
 34682 | Snake:2  | Offered knowledge of Fire Storm by Vehumet.
 34682 | Snake:2  | Offered knowledge of Chain Lightning by Vehumet.
 34682 | Snake:2  | Offered knowledge of Tornado by Vehumet.
 34715 | Snake:2  | Reached XP level 16. HP: 91/91 MP: 23/36
 35334 | Snake:3  | Reached skill level 16 in Spellcasting
 35401 | Snake:3  | Noticed Vashnia
 35554 | Snake:3  | Killed Vashnia
 35838 | Snake:3  | Noticed Norris
 36012 | Shoals:1 | Entered Level 1 of the Shoals
 36208 | Shoals:1 | Noticed Donald
 36240 | Shoals:2 | Found Rualilea's Antique Weapon Shop.
 36248 | Shoals:2 | Bought a bloodstained shortbow for 288 gold pieces
 36248 | Shoals:2 | Identified the +6 shortbow of Wefudai {freeze, Str+6 Int-3} (You bought it in a shop on level 2 of the Shoals)
 36432 | Shoals:1 | Identified a scroll of acquirement
 36433 | Shoals:1 | Got a pair of warped boots
 36444 | Shoals:1 | Identified the +0 pair of boots "Suorro" {Int+4} (You acquired it on level 1 of the Shoals)
 37548 | Shoals:3 | Reached skill level 1 in Evocations
 37799 | Shoals:3 | Noticed Louise
 37945 | Shoals:3 | Killed Louise
 38500 | Shoals:4 | Entered Level 4 of the Shoals
 38984 | Shoals:4 | Reached skill level 17 in Spellcasting
 39013 | Shoals:4 | Noticed Fizybubbleh's ghost (mighty HuEn)
 39126 | Shoals:4 | Killed Fizybubbleh's ghost
 39178 | Shoals:4 | Reached XP level 17. HP: 97/97 MP: 25/39
 39537 | Shoals:3 | Upgraded the game from 0.17-a0-1510-gb3fb22e to 0.17-a0-1515-gfae3d72
 40107 | Shoals:4 | Got a barnacled rune of Zot
 40368 | Shoals:4 | Noticed Ilsuiw
 40373 | Shoals:4 | Killed Ilsuiw
 42382 | Orc:4    | Bought a book of Death for 980 gold pieces
 42388 | Orc:4    | Learned a level 5 spell: Bolt of Draining
 42743 | D:13     | Found a gate to the Vaults.
 43082 | D:13     | Got a twisted war axe
 43083 | D:13     | Identified the +9 war axe of Classification {freeze, Int+4} (You found it on level 13 of the Dungeon)
 43865 | D:14     | Reached skill level 15 in Fire Magic
 43866 | D:14     | Found a glowing golden altar of the Shining One.
 44157 | D:15     | Entered Level 15 of the Dungeon
 44237 | D:15     | Found a labyrinth entrance.
 44309 | Lab      | Entered a labyrinth
 44390 | Lab      | Got a scorched turquoise ring
 44391 | Lab      | Got a transparent cloak
 44402 | Lab      | Identified the +0 cloak of the Bulwark {rF- rC+ rN++ Regen+} (You found it in a labyrinth)
 44404 | Lab      | Identified the ring "Arphauk" {Fire rElec Str-4 Stlth+} (You found it in a labyrinth)
 44649 | D:15     | Found a sacrificial altar of Ru.
 44945 | D:15     | Found a staircase to the Depths.
 45510 | D:11     | Killed an unseen horror
 45764 | Vaults:1 | Entered Level 1 of the Vaults
 45947 | Vaults:1 | Reached XP level 18. HP: 65/104 MP: 15/40
 46563 | Vaults:1 | Paralysed by a great orb of eyes for 5 turns
 47050 | Vaults:1 | Paralysed by a great orb of eyes for 5 turns
 47325 | Vaults:1 | Reached skill level 18 in Spellcasting
 48042 | Vaults:2 | Found Ritudez's Magic Scroll Shop.
 49276 | Vaults:2 | Reached XP level 19. HP: 94/108 MP: 36/42
 49424 | Vaults:2 | Reached skill level 19 in Conjurations
 49547 | Vaults:2 | Got a heavily runed helmet
 49558 | Vaults:2 | Identified the +2 helmet of Sifot {*Confuse rN+ Slay+3} (You found it on level 2 of the Vaults)
 51223 | Vaults:3 | Noticed a bone dragon
 52050 | Elf:1    | Entered Level 1 of the Elven Halls
 52052 | Elf:1    | Cast into the Abyss (a deep elf sorcerer)
 52301 | Abyss:1  | Learned a level 9 spell: Fire Storm
 52485 | Abyss:1  | Found a corrupted altar of Lugonu.
 52928 | Abyss:1  | Noticed a bone dragon
 52968 | Abyss:1  | Gained mutation: [You frequently scream uncontrollably at your foes.] [a neqoxec]
 52971 | Abyss:1  | Quit the game

Vault maps used:
D:1:      matt_arrival_spirals, st_stairs_9, minmay_tree_intersection
D:2:      moated_statue, kennysheep_generic_room_8, uniq_robin, uniq_jessica
D:3:      vehumet_altar_wand_db, first_bread, uniq_natasha, uniq_terence
D:6:      minmay_temple_entry_glass, serial_shops, nicolae_shop_behind_doors
D:7:      uniq_duvessa
D:8:      basic_altar, the_bakery, cheibrodos_ashenzari_chains
D:9:      david_orc_2, dk_noncrumbling_3
D:11:     minmay_lair_entry_grove, basic_altar
D:12:     serial_glass, glass_columns_a, glass_columns_c, glass_columns_a,
          glass_columns_c, glass_columns_a, glass_columns_a, st_stairs_3
D:13:     erik_vaults_2
D:14:     basic_altar
D:15:     gammafunk_enter_depths_forms, lab_entry_generic, lemuel_statue_altar,
          st_stairs_9
Lair:1:   portal_ice_cave_entry_imps, st_stairs_3, infiniplex_staircase_pool_2
Lair:2:   basic_altar
Lair:3:   roderic_batcave, serial_bayou_pond_c, uniq_maud, uniq_rupert,
          uniq_fannar
Lair:4:   minmay_shoals_entry_centaurs, grunt_forest_large_clearings
Lair:5:   pf_torpor_hydra, serial_bayou_shore_a, infiniplex_staircase_pool
Lair:6:   minmay_snake_entry_six_corridors, kennysheep_basilisk_garden
Lair:7:   slime_altar_1, serial_bayou_lake_a
Lair:8:   minmay_lair_end_enchanted_forest, serial_bayou_pond_b,
          lemuel_fruit_tree, uniq_snorg
Shoals:1: uniq_donald
Shoals:2: serial_shops, nicolae_shop_stone
Shoals:3: kb_tengu_band, uniq_louise
Shoals:4: shoals_end_hangedman, shoals_ilsuiw_alternative
Snake:1:  special_room, serial_corexii_hall, corexii_hall_statues_s,
          corexii_hall_statues_deadend, nicolae_coiled_stairwell_down,
          uniq_aizul, uniq_agnes, uniq_nikola, uniq_azrael
Snake:2:  st_stairs_1, hangedman_snake_wide_pillar_pass, serial_bayou_pond_b
Snake:3:  nicolae_snake_serpentine_hallways, serial_bayou_shore_b, uniq_vashnia,
          uniq_norris
Orc:1:    basic_altar, nicolae_volcano_entry_s_turn, serial_shops, shop
Orc:2:    serial_shops, shop_fountains, david_defended_altar_orc
Orc:3:    nicolae_orc_pool_cavern
Orc:4:    st_orc_mages
Elf:1:    hangedman_elven_crosses_minicolossus
Vaults:1: ontoclasm_vaults_eye, vaults_dpeg_diagonal, v_pattern_1,
          hangedman_vaults_variations, v_misc_2, vaults_room_grid,
          ontoclasm_vaults_chip, st_octagons_1, hangedman_vaults_capsules,
          v_alt_pattern_1, ontoclasm_vaults_twist, vaults_room_pools
Vaults:2: v_pattern_4, v_misc_29, nicolae_vaults_asterisk,
          nicolae_vaults_octagons, hangedman_vaults_river_flow,
          ontoclasm_vaults_loading_screen, vaults_mumra_hex,
          nicolae_vaults_border_crossing, serial_shops, shop_scrolls
Vaults:3: v_misc_2, vaults_mumra_hexcomb, v_misc_16, v_rooms_4, v_alt_pattern_6,
          minmay_crypt_entry_nasty_monster, grunt_vaults_trifunnel, v_misc_31,
          vaults_dpeg_ring, ontoclasm_vaults_idyll, ontoclasm_vaults_pinch
Abyss:1:  hangedman_abyss_or_decor_jellyfish_corner
Lab:      labyrinth_lava_lair, nicolae_lab_swirl, labyrinth_skeletal_remains
IceCv:    ice_cave_tombish
Volcano:  volcano_grotto

Action                   |  1- 3 |  4- 6 |  7- 9 | 10-12 | 13-15 | 16-18 | 19-21 || total
-------------------------+-------+-------+-------+-------+-------+-------+-------++-------
Melee: Dagger            |     8 |    32 |    58 |    37 |    99 |    43 |     4 ||   281
       Rapier            |       |       |       |       |    13 |    67 |    39 ||   119
 Fire: Blowgun           |       |       |    11 |     2 |       |       |       ||    13
       Shortbow          |       |       |    82 |   277 |   157 |   252 |    47 ||   815
 Cast: Flame Tongue      |    51 |    52 |   162 |   215 |   422 |   197 |    24 ||  1123
       Throw Flame       |     4 |    58 |    77 |    86 |   200 |   150 |    15 ||   590
       Conjure Flame     |       |     1 |     8 |     8 |     1 |       |       ||    18
       Sticky Flame      |       |       |    13 |    70 |    69 |    63 |    29 ||   244
       Fireball          |       |       |       |    29 |   128 |   252 |    86 ||   495
       Iskenderun's Batt |       |       |       |    24 |   186 |   151 |    35 ||   396
       Iskenderun's Myst |       |       |       |     5 |    49 |    20 |     6 ||    80
       Apportation       |       |       |       |     4 |       |       |       ||     4
       Spellforged Servi |       |       |       |       |     1 |     7 |     5 ||    13
       Bolt of Draining  |       |       |       |       |       |    12 |    10 ||    22
       Bolt of Cold      |       |       |       |       |       |     1 |       ||     1
 Abil: Evoke Flight      |       |       |       |       |       |    30 |       ||    30
Evoke: Wand              |       |       |       |     1 |     6 |    12 |    10 ||    29
       Lamp of fire      |       |       |       |       |       |     2 |       ||     2
       Fan of gales      |       |       |       |       |       |     1 |       ||     1
  Use: Scroll            |     1 |       |    19 |     8 |    14 |    23 |     1 ||    66
       Potion            |       |     1 |     3 |     4 |     5 |     2 |     3 ||    18
 Stab: Sleeping          |     5 |     8 |     6 |     4 |     4 |     6 |     2 ||    35
       Distracted        |       |       |       |       |       |     1 |       ||     1
  Eat: Chunk             |     3 |    22 |    17 |    51 |    99 |    85 |    33 ||   310
       Royal jelly       |       |       |       |     1 |       |       |       ||     1
       Pizza             |       |       |       |     1 |       |       |       ||     1
       Fruit             |       |       |       |       |       |     2 |       ||     2
       Meat ration       |       |       |       |       |       |     2 |       ||     2
